 Dungeon Crawl Stone Soup version 0.24.0-123-gd5b16e6ec5 (webtiles) character file.

Game seed: 6994857324907649150, levelgen mode: deterministic

175 FishyPogo the Covered (level 5, -1/42 HPs)
             Began as a Demonspawn Fighter on Jan 25, 2020.
             Slain by an ice beast (6 damage)
             ... on level 4 of the Dungeon.
             The game lasted 00:05:36 (2457 turns).

FishyPogo the Covered (Demonspawn Fighter)          Turns: 2457, Time: 00:05:37

Health: -1/42      AC: 12    Str: 17    XL:     5   Next: 29%
Magic:  5/5        EV: 10    Int: 10    God:
Gold:   146        SH:  4    Dex: 12    Spells: 4/4 levels left

rFire    + . .     SeeInvis .   a - +0 war axe
rCold    . . .     Gourm    .   n - +0 buckler
rNeg     . . .     Faith    .   z - +2 leather armour {rF+}
rPois    .         Spirit   .   (helmet restricted)
rElec    .         Reflect  .   (no cloak)
rCorr    .         Harm     .   B - +1 pair of gloves
MR       .....     Rnd*Tele +   (no boots)
Stlth    +.........             (no amulet)
HPRegen  0.14/turn              r - ring of teleportation (curse)
MPRegen  0.09/turn              t - +5 ring of protection

@: no status effects
A: antennae 2, talons 1, rot immunity
a: no special abilities


You were on level 4 of the Dungeon.
You were not hungry.

You visited 1 branch of the dungeon, and saw 4 of its levels.

You collected 146 gold pieces.

Inventory:

Hand Weapons
 a - a +0 war axe (weapon)
Missiles
 j - 17 poisoned darts (quivered)
 k - 128 stones
Armour
 b - a +0 scale mail
 c - a +0 shield
 n - a +0 buckler (worn)
 z - a +2 leather armour of fire resistance (worn)
 B - a +1 pair of gloves (worn)
Jewellery
 r - a cursed ring of teleportation (left hand)
 t - a +5 ring of protection (right hand)
 v - an uncursed amulet of harm
Wands
 y - a wand of enslavement (1)
Scrolls
 g - a scroll of magic mapping {unknown}
 l - a scroll of fog {unknown}
 m - a scroll of enchant weapon {unknown}
 o - 4 scrolls of identify
 p - a scroll of teleportation {unknown}
 q - a scroll of noise {unknown}
 u - a scroll of enchant armour {unknown}
 w - a scroll of amnesia {unknown}
 x - a scroll of blinking {unknown}
Potions
 d - 2 potions of might
 e - 2 potions of curing
 h - 2 potions of agility {unknown}
 i - a potion of lignification
 s - a potion of haste
Comestibles
 f - 5 rations
 A - 3 chunks of flesh


   Skills:
 + Level 3.7 Fighting
 + Level 2.7 Axes
 * Level 4.0 Armour
 + Level 3.4 Shields


You had 4 spell levels left.
You didn't know any spells.
Your spell library was empty.

Dungeon Overview and Level Annotations

Branches:
Dungeon (4/15)             Temple (0/1) D:4

Altars:
Ashenzari


Innate Abilities, Weirdness & Mutations

You have a pair of antennae on your head.
You have sharp toenails.
You are immune to rotting.


Message History

The ice beast is heavily wounded.
You closely miss the orc. You block the ice beast's attack.
You block the orc's attack.
The ice beast hits you but does no damage.
The orc priest hits you but does no damage.
You hit the orc priest. Your kick misses the orc priest.
The orc priest is moderately wounded.
You hit the orc. You hit the ice beast. The orc hits you but does no damage.
The ice beast hits you. The ice beast freezes you!
The orc priest looks satisfied for a moment.
You slash the orc priest! Your kick misses the orc priest.
The orc priest is almost dead.
You barely miss the ice beast. You closely miss the orc.
You block the orc's attack. The ice beast hits you. The ice beast freezes you!
* * * LOW HITPOINT WARNING * * *
The orc priest barely misses you. The orc closely misses you.
The ice beast hits you.
* * * LOW HITPOINT WARNING * * *
The ice beast freezes you.
You die...

..#.. . ..#.... #####......
#...!..#.## #.....(...##. .
#.....#.#....
#........#####............
#........##....oY.#...#...
#........##....@#.......#
#........##...#.o.o.>.....
#...............#..(....#.
#........##.......#...#...
#........##..............#
#...รท....##........#.#...#
######'#.................#
#.#............#....#
#.#................


You could see an ice beast, 2 orc priests and an orc.

Vanquished Creatures
  Ijyb (D:3)
  A worker ant (D:4)
  A howler monkey zombie (D:3)
  5 adders
  An adder skeleton (D:4)
  A worm (D:3)
  4 leopard geckos
  An orc (D:3)
  A ball python (D:4)
  4 giant cockroaches
  8 hobgoblins
  7 jackals
  4 kobolds
  6 bats
  3 frilled lizards (D:2)
  6 goblins
  3 rats
57 creatures vanquished.

Notes
Turn   | Place    | Note
-------+----------+-------------------------------------------
     0 | D:1      | FishyPogo the Demonspawn Fighter began the quest for the
                  | Orb.
     0 | D:1      | Reached XP level 1. HP: 18/18 MP: 1/1
   141 | D:1      | Found a shattered altar of Ashenzari.
   152 | D:1      | Gained mutation: You have a pair of small antennae on your
                  | head. [demonic ancestry]
   152 | D:1      | Reached XP level 2. HP: 20/24 MP: 2/2
   172 | D:1      | Reached skill level 3 in Armour
   919 | D:2      | Gained mutation: You have sharp toenails. [demonic
                  | ancestry]
   919 | D:2      | Reached XP level 3. HP: 25/29 MP: 3/3
  1494 | D:3      | Gained mutation: You are immune to rotting. [demonic
                  | ancestry]
  1494 | D:3      | Reached XP level 4. HP: 35/35 MP: 4/4
  1796 | D:3      | Noticed Ijyb
  1824 | D:3      | Killed Ijyb
  2420 | D:4      | Found a staircase to the Ecumenical Temple.
  2432 | D:4      | Gained mutation: You have a pair of antennae on your head.
                  | [demonic ancestry]
  2432 | D:4      | Reached XP level 5. HP: 32/42 MP: 5/5
  2437 | D:4      | Reached skill level 4 in Armour
  2442 | D:4      | Noticed an ice beast
  2457 | D:4      | Slain by an ice beast

Levels and vault maps discovered:
D:1:      ncdulo_wetmaze, layout_rooms, evilmike_ruin_ashenzari
D:2:      layout_loops_corners, first_ration
D:3:      layout_basic, uniq_ijyb
D:4:      layout_basic, minmay_temple_entry_sparse_star, serial_shops, shop

Skill      XL: |  1  2  3  4  5 |
---------------+----------------+-----
Armour         | 3 4 |  4.0
Axes           | 2 |  2.7
Shields        | 3 |  3.4
Fighting       | |  3.7

Action                   |  1- 3 |  4- 6 || total
-------------------------+-------+-------++-------
Melee: War axe           |   135 |    73 ||   208
       Kick              |     8 |    16 ||    24
  Use: Scroll            |       |     3 ||     3
       Potion            |       |     1 ||     1
  Eat: Chunk             |     2 |     3 ||     5
Armor: Scale mail        |    75 |    21 ||    96
       Leather armour    |       |    32 ||    32
Dodge: Dodged            |    66 |    63 ||   129
Block: Shield            |    27 |       ||    27
       Buckler           |    25 |    20 ||    45
